AoeStats
← 只会打步弓

Arabia

508239287Analyzed
1v1 RM · 10d ago on Sep 21, 2026· 25m 57s· 2 players
Game mode
Random Map
Map size
Tiny (2 player)
Population
200
Speed
Normal
Resources
Standard
Victory
Conquest
Starting age
Dark Age
Ending age
Imperial Age
RankedLock teamsTeams togetherTeam positionsShared explorationLock speedFull tech treeHidden civsTurbo modeCheats
Victory
Defeat
🇨🇳 Mapuche · China
1913
+14
🇨🇳 Wei · China
1878
-14
小山
3:09 Loom
6:34 Loom
9:17 Feudal Age
9:45 Double-Bit Axe
12:24 Town Watch
14:33 Horse Collar
19:24 Castle Age
17:57 Gold Mining
19:37 Padded Archer Armor
20:37 Fletching
20:35 Elite Skirmisher
21:20 Bodkin Arrow
只会打步弓
6:59 Loom
9:09 Feudal Age
10:38 Double-Bit Axe
10:36 Horse Collar
18:13 Castle Age
16:25 Fletching
17:17 Gold Mining
18:53 Bodkin Arrow
19:58 Padded Archer Armor
22:33 Ballistics
22:43 Leather Archer Armor
25:30 Bow Saw
Connection lost

Rejoining the realm…

Still unreachable

The connection could not be restored.

Session expired

The server has moved on; the page needs a fresh start.